 Dungeon Crawl Stone Soup version 0.27.0 (webtiles) character file.

Game seed: 12518626790034581944

4083 mandarbmax the Cleaver (level 10, -7/73 (78) HPs)
             Began as a Hill Orc Fighter on July 31, 2021.
             Was an Elder of Vehumet.
             Mangled by a two-headed ogre (15 damage)
             ... on level 8 of the Dungeon.
             The game lasted 00:13:31 (9005 turns).

mandarbmax the Cleaver (Hill Orc Fighter)           Turns: 9005, Time: 00:13:32

HP:   -7/73 (78)    AC: 20    Str: 23    XL:     10   Next: 25%
MP:   10/10         EV:  3    Int:  8    God:    Vehumet [****..]
Gold: 381           SH: 17    Dex: 10    Spells: 9/9 levels left

rFire    . . .     SeeInvis +   a - +0 war axe
rCold    . . .     Faith    .   z - +0 tower shield
rNeg     + . .     Spirit   .   w - +2 plate armour {rN+}
rPois    .         Reflect  .   (no helmet)
rElec    .         Harm     .   g - +1 cloak
rCorr    .         Rampage  .   k - +1 pair of gloves
Will     .....                  (no boots)
Stlth    ..........             (no amulet)
HPRegen  0.22/turn              b - ring of see invisible
MPRegen  0.12/turn              (no ring)

@: drained
A: no striking features
a: Renounce Religion


You were on level 8 of the Dungeon.
You worshipped Vehumet.
Vehumet was greatly pleased with you.
You visited 1 branch of the dungeon, and saw 8 of its levels.

You collected 507 gold pieces.
You spent 126 gold pieces at shops.

Inventory:

Hand Weapons
 a - a +0 war axe (weapon)
Missiles
 d - 4 poisoned darts (quivered)
 n - 3 boomerangs of dispersal
 u - 6 boomerangs
Armour
 c - a +0 kite shield
 g - a +1 cloak (worn)
 k - a +1 pair of gloves (worn)
 p - a +3 scale mail of cold resistance
 w - a +2 plate armour of positive energy (worn)
 z - a +0 tower shield (worn)
Jewellery
 b - a ring of see invisible (left hand)
Wands
 x - a wand of flame (15)
Scrolls
 f - 3 scrolls of immolation
 h - a scroll of summoning {unknown}
 i - a scroll of amnesia
 j - 2 scrolls of torment
 l - 2 scrolls of teleportation
 q - a scroll of noise {unknown}
 r - a scroll of fear {unknown}
 s - a scroll of magic mapping {unknown}
 y - a scroll of acquirement {unknown}
Potions
 e - a potion of degeneration {unknown}
 m - 3 potions of curing
 o - 2 potions of attraction
 t - a potion of heal wounds
 v - a potion of flight {unknown}


   Skills:
 - Level 4.0 Fighting
 - Level 13.0 Axes
 + Level 8.7 Armour
 + Level 8.7 Shields


You had 9 spell levels left.
You didn't know any spells.
Your spell library contained the following spells:

 Spells                   Type           Power      Damage    Failure   Level
 Iskenderun's Mystic Bla  Conj/Tloc      0%         2d3       100%        4
 Magic Dart               Conj           0%         1d3       100%        1
 Searing Ray              Conj           0%         3d3       100%        2
 Slow                     Hex            0%         N/A       100%        2
 Confusing Touch          Hex            0%         N/A       100%        3
 Conjure Flame            Conj/Fire      0%         6-21      100%        3
 Frozen Ramparts          Ice            0%         1d2       100%        3
 Ignite Poison            Fire/Tmut/Pois 0%         N/A       100%        3
 Ozocubu's Armour         Ice            0%         N/A       100%        3
 Fulminant Prism          Conj/Hex       0%         3d6       100%        4
 Ice Form                 Ice/Tmut       0%         N/A       100%        4
 Sticky Flame             Conj/Fire      0%         2d3       100%        4
 Summon Ice Beast         Ice/Summ       0%         N/A       100%        4
 Yara's Violent Unravell  Hex/Tmut       0%         3d3       100%        5
 Ozocubu's Refrigeration  Ice            0%         4d5       100%        7


Dungeon Overview and Level Annotations

Branches:
Dungeon (8/15)             Temple (0/1) D:5
   Lair: D:8-11

Altars:
Cheibriados
Gozag
Hepliaklqana
Makhleb
Okawaru
Ru
Trog
Vehumet
Wu Jian
Zin

Shops:
D:3 [   D:4 ?*   D:6 (


Message History

There are monsters nearby!
There are monsters nearby!
You throw a poisoned dart.
The poisoned dart hits the two-headed ogre.
The two-headed ogre is poisoned.
You throw a poisoned dart.
The poisoned dart hits the two-headed ogre.
The two-headed ogre looks even sicker.
You slash the two-headed ogre!
The two-headed ogre is moderately wounded.
The two-headed ogre hits you with a +0 giant spiked club.
You block the two-headed ogre's attack.
You slash the two-headed ogre!
The two-headed ogre is heavily wounded.
You block the two-headed ogre's attack. x2
You slash the two-headed ogre!
The two-headed ogre is severely wounded.
You block the two-headed ogre's attack. x2
You hit the two-headed ogre.
The two-headed ogre is severely wounded.
You block the two-headed ogre's attack.
The two-headed ogre hits you with a +0 giant spiked club.
You hit the two-headed ogre.
The two-headed ogre is almost dead.
You block the two-headed ogre's attack. x2
You barely miss the two-headed ogre.
The two-headed ogre is almost dead.
The two-headed ogre hits you with a +0 giant spiked club!!
You block the two-headed ogre's attack.
Your shield prevents you from hitting the two-headed ogre.
The two-headed ogre is almost dead.
Your shield and plate armour prevent you from hitting the two-headed ogre.
The two-headed ogre is almost dead.
The two-headed ogre looks more healthy.
The two-headed ogre hits you with a +0 giant spiked club!! x2
* * * LOW HITPOINT WARNING * * *
You barely miss the two-headed ogre.
The two-headed ogre is almost dead.
The two-headed ogre hits you with a +0 giant spiked club!
You die...

♣. ##.#....##.
.....♣♣♣♣♣♣♣.. #.#...###.
..........♣♣..##......##.
..........♣♣...#..[...(..
..[.≈≈≈≈..♣♣.............
.......≈..♣♣...#.........
....._.≈..♣♣...##........
..=....≈.......#...#.....
#..(.(TO@..........#####.
##...#####........## ##
#.. ##.......######. #
#.............#.
##............#.
#....<..........
#..........#....
#..........#....
##.........#....


You could see a two-headed ogre and a troll.

Vanquished Creatures
  Pikel (D:4)
  Joseph (D:7)
  Prince Ribbit (D:7)
  Sigmund (D:3)
  A yak (D:7)
  Edmund (D:4)
  3 orc warriors
  2 black bears
  A hornet zombie (D:5)
  2 sky beasts
  An ogre (D:3)
  A centaur (D:7)
  2 phantoms
  A kobold brigand (D:7)
  2 bullfrogs
  3 scorpions
  A water moccasin skeleton (D:6)
  4 wights (D:8)
  2 centaur zombies
  A howler monkey (D:6)
  6 jellies
  4 hounds
  A bullfrog skeleton (D:5)
  5 orc priests
  4 iguanas
  5 orc wizards
  A hound skeleton (D:4)
  A mummy (D:4)
  A howler monkey zombie (D:5)
  3 gnolls (D:4)
  A shadow imp (D:5)
  2 ufetubi (D:7)
  A worm (D:3)
  A dart slug (D:2)
  22 orcs
  4 bats
  5 endoplasms
  A giant cockroach (D:2)
  8 hobgoblins
  15 jackals
  4 quokkas
  6 ball pythons
  2 frilled lizards
  12 goblins
  12 kobolds
  3 rats
162 creatures vanquished.

Vanquished Creatures (others)
  A fungus (D:8)
  2 withered plants (D:1)
3 creatures vanquished.

Grand Total: 165 creatures vanquished

Notes
Turn   | Place    | Note
-------+----------+-------------------------------------------
     0 | D:1      | mandarbmax the Hill Orc Fighter began the quest for the
                  | Orb.
     0 | D:1      | Reached XP level 1. HP: 19/19 MP: 1/1
    44 | D:1      | Reached skill level 3 in Axes
    49 | D:1      | Reached XP level 2. HP: 19/27 MP: 2/2
   267 | D:1      | Found a faded altar of an unknown god.
   295 | D:1      | Became a worshipper of Vehumet
   295 | D:1      | Reached * piety under Vehumet
   295 | D:1      | Offered knowledge of Shock by Vehumet.
   329 | D:1      | Reached skill level 4 in Axes
   602 | D:1      | Reached XP level 3. HP: 33/33 MP: 3/3
   768 | D:2      | Found an iron altar of Okawaru.
  1381 | D:2      | Reached ** piety under Vehumet
  1382 | D:2      | Reached skill level 5 in Axes
  1392 | D:2      | Offered knowledge of Poisonous Vapours by Vehumet.
  1922 | D:3      | Reached XP level 4. HP: 40/40 MP: 4/4
  2279 | D:3      | Found an opulent altar of Gozag.
  2434 | D:3      | Noticed an ogre
  2438 | D:3      | Killed an ogre
  2439 | D:3      | Reached skill level 6 in Axes
  2439 | D:3      | Reached XP level 5. HP: 46/46 MP: 5/5
  2451 | D:3      | Noticed Sigmund
  2458 | D:3      | Killed Sigmund
  2459 | D:3      | Reached skill level 8 in Axes
  2459 | D:3      | Reached XP level 6. HP: 40/52 MP: 6/6
  2638 | D:3      | Found Disas's Armour Shop.
  2648 | D:3      | Bought a +0 cloak for 63 gold pieces
  2648 | D:3      | Bought a +0 pair of gloves for 63 gold pieces
  2683 | D:3      | Found a sacrificial altar of Ru.
  3039 | D:4      | Found Naiset's Magic Scroll Emporium.
  3273 | D:4      | Found a hazy altar of Hepliaklqana.
  3320 | D:4      | Reached skill level 9 in Axes
  3551 | D:4      | Found an ornate altar of the Wu Jian Council.
  3590 | D:4      | Reached XP level 7. HP: 54/59 MP: 7/7
  3808 | D:4      | Noticed Pikel
  3903 | D:4      | Killed Pikel
  3903 | D:4      | Offered knowledge of Static Discharge by Vehumet.
  3904 | D:4      | Reached skill level 11 in Axes
  3904 | D:4      | Reached XP level 8. HP: 66/66 MP: 8/8
  4085 | D:4      | Found a snail-covered altar of Cheibriados.
  4293 | D:4      | Found Ytui's Gadget Gallery.
  4297 | D:4      | Noticed Edmund
  4308 | D:4      | Killed Edmund
  4309 | D:4      | Reached skill level 12 in Axes
  4738 | D:5      | Entered Level 5 of the Dungeon
  4829 | D:5      | Reached *** piety under Vehumet
  5042 | D:5      | Reached skill level 13 in Axes
  5235 | D:5      | Found a staircase to the Ecumenical Temple.
  5432 | D:5      | Reached XP level 9. HP: 68/71 MP: 9/9
  5435 | D:5      | Reached skill level 5 in Armour
  5435 | D:5      | Reached skill level 5 in Shields
  5755 | D:6      | Offered knowledge of Stone Arrow by Vehumet.
  5806 | D:6      | Found Kiugurha's Antique Weapon Shoppe.
  6438 | D:7      | Noticed Prince Ribbit
  6450 | D:7      | Killed Prince Ribbit
  6671 | D:7      | Reached **** piety under Vehumet
  7239 | D:7      | Found a bloodstained altar of Trog.
  7266 | D:7      | Noticed Joseph
  7288 | D:7      | Killed Joseph
  7289 | D:7      | Reached XP level 10. HP: 38/78 MP: 10/10
  7666 | D:7      | Found a glowing silver altar of Zin.
  7735 | D:8      | Offered knowledge of Iskenderun's Mystic Blast by Vehumet.
  8989 | D:8      | Found a burning altar of Makhleb.
  8992 | D:8      | Noticed a two-headed ogre
  9005 | D:8      | Mangled by a two-headed ogre

Illustrated notes

Levels and vault maps discovered:
D:1:      amcnicky_arrival_underground_garden, layout_rooms,
          ebering_ecumenical_altar_petrified
D:2:      layout_basic, basic_altar
D:3:      layout_loops_corners, lemuel_tele_altar, nicolae_ru_path_of_blood,
          serial_shops, nicolae_lakefront_shop, minivault_25, moated_statue,
          uniq_sigmund
D:4:      layout_cave_pods, chei_slow_surprise, nzn_wu_jian_council_hall,
          mainiacjoe_overflow_alcove_4, serial_shops, shop,
          nicolae_shop_gadgets, uniq_pikel, uniq_edmund
D:5:      layout_cave_pools, minmay_temple_entry_statues
D:6:      layout_loops_ring, serial_shops, shop
D:7:      layout_loops_ring, zin_treasury, trog_book, uniq_prince_ribbit1,
          uniq_joseph
D:8:      layout_cave_pools, mainiacjoe_overflow_chevrons, david_lair_generic,
          hangedman_decor_diamond_cutter

Skill      XL: |  1  2  3  4  5  6  7  8  9 10 |
---------------+-------------------------------+-----
Axes           | 3 4 5 6 8 9 11 13 | 13.0
Fighting       | 4 |  4.0
Armour         | 4 7 8 |  8.7
Shields        | 4 7 8 |  8.7

Action                   |  1- 3 |  4- 6 |  7- 9 | 10-12 || total
-------------------------+-------+-------+-------+-------++-------
Melee: War axe           |   137 |   102 |   270 |   112 ||   621
Throw: Dart              |       |     5 |    41 |    21 ||    67
       Boomerang         |       |       |     1 |       ||     1
  Use: Potion            |     2 |     1 |     1 |       ||     4
       Scroll            |       |     1 |     9 |       ||    10
Armor: Scale mail        |    64 |    46 |   105 |    23 ||   238
       Skin              |       |       |     1 |       ||     1
       Plate armour      |       |       |       |    25 ||    25
Dodge: Dodged            |    55 |    37 |    74 |    22 ||   188
Block: Kite shield       |    78 |    50 |   116 |    54 ||   298
       Tower shield      |       |       |       |     9 ||     9
